 Dungeon Crawl Stone Soup version 0.24-a0-170-gd8427f5 (webtiles) character file.

Game seed: 8515766986217206477

1271 mopl the Spear-Bearer (level 8, -6/63 HPs)
             Began as a Green Draconian Abyssal Knight on Mar 10, 2019.
             Was a Priest of Lugonu.
             Mangled by a gargoyle
             ... wielding a +0 flail
              (11 damage)
             ... on level 6 of the Dungeon.
             The game lasted 00:11:19 (4338 turns).

mopl the Spear-Bearer (DrAK)                        Turns: 4338, Time: 00:11:20

Health: -6/63      AC:  9    Str: 15    XL:     8   Next: 28%
Magic:  1/12       EV: 11    Int: 13    God:    Lugonu [***...]
Gold:   334        SH:  3    Dex: 12    Spells: 6/7 levels left

rFire    . . .     SeeInvis .   a - +1 spear (flame)
rCold    . . .     Gourm    .   q - +0 buckler
rNeg     . . .     Faith    .   (armour unavailable)
rPois    +         Spirit   .   (helmet restricted)
rElec    .         Reflect  .   (no cloak)
rCorr    .         Harm     .   (no gloves)
MR       +....                  d - +0 pair of boots
Stlth    +.........             (no amulet)
HPRegen  0.20/turn              f - ring of protection from magic
MPRegen  0.13/turn              v - +2 ring of protection

@: hasted, very quick
A: breathe noxious fumes, unfitting armour, poison resistance, cold-blooded, AC
+6
a: Breathe Noxious Fumes, Depart the Abyss, Bend Space, Banish, Renounce
Religion


You were on level 6 of the Dungeon.
You worshipped Lugonu.
Lugonu was most pleased with you.
You were near starving.

You visited 2 branches of the dungeon, and saw 7 of its levels.
You visited the Abyss 1 time.

You collected 334 gold pieces.

Inventory:

Hand Weapons
 a - a +1 spear of flaming (weapon)
 b - a +1 dagger of venom
 E - the +5 rapier of the Gloaming {pierce, +Inv, unknown}
   (You found it on level 6 of the Dungeon)

   It inflicts extra damage upon your enemies.
   It lets you turn invisible.
Missiles
 n - 2 javelins of penetration
 o - 2 throwing nets
 s - 7 tomahawks (quivered)
 u - 7 poisoned needles
Armour
 d - a +0 pair of boots (worn)
 k - a +0 shield of positive energy
 q - a +0 buckler (worn)
 C - a +2 shield of protection
Magical Staves
 x - an uncursed staff of energy {unknown}
Jewellery
 f - a ring of protection from magic (left hand)
 i - an uncursed ring of protection from cold
 l - an uncursed ring of protection from fire
 v - a +2 ring of protection (right hand)
 D - an uncursed ring of positive energy
Scrolls
 c - 5 scrolls of identify
 e - a scroll of fog {unknown}
 g - 2 scrolls of amnesia {unknown}
 h - a scroll of enchant weapon {unknown}
 j - a scroll of blinking {unknown}
 p - 2 scrolls of remove curse
 r - a scroll of enchant armour {unknown}
 w - a scroll of fear {unknown}
 y - a scroll of magic mapping {unknown}
 F - a scroll of teleportation {unknown}
Potions
 m - 3 potions of curing
 z - a potion of might
 A - a potion of magic
 B - a potion of agility
Comestibles
 t - 16 rations
 H - 2 chunks of flesh


   Skills:
 - Level 3.2 Fighting
 * Level 8.5 Polearms
 - Level 2.1 Dodging
 + Level 6.5 Invocations


You had 6 spell levels left.
You knew the following spells:

 Your Spells              Type           Power        Failure   Level  Hunger
a - Apportation           Tloc           #.....       45%         1    ##.....

Your spell library contained the following spells:

 Spells                   Type           Power        Failure   Level  Hunger
 Animate Skeleton         Necr           N/A          45%         1    ##.....
 Confusing Touch          Hex            #.....       45%         1    ##.....
 Summon Small Mammal      Summ           #...         45%         1    ##.....
 Passwall                 Tmut/Erth      #.......     61%         2    ###....
 Poisonous Vapours        Pois/Air       #.....       61%         2    ###....
 Spider Form              Tmut/Pois      #.........   83%         3    ####...
 Stone Arrow              Conj/Erth      #.....       83%         3    ####...
 Borgnjor's Vile Clutch   Necr/Erth      #.........   100%        5    ######.
 Lee's Rapid Deconstruct  Erth           #.........   100%        5    ######.


Dungeon Overview and Level Annotations

Branches:
Dungeon (6/15)             Temple (1/1) D:5

Altars:
Okawaru
Ru
Wu Jian

Shops:
D:4 :

Annotations:
D:4 Eustachio


Innate Abilities, Weirdness & Mutations

You can breathe blasts of noxious fumes.
Your lurid green scales are hard. (AC +6)
You cannot fit into any form of body armour.
Your system is resistant to poisons. (rPois)
You are cold-blooded and may be slowed by cold attacks.


Message History

You hit the gargoyle but do no damage.
You are near starving!
The gargoyle hits you but does no damage.
You barely miss the gargoyle. You barely miss the gargoyle.
The gargoyle hurls a stone arrow at you.
The stone arrow hits you!
You are too injured to fight recklessly!
You are too injured to fight recklessly!
The gargoyle hurls a stone arrow at you.
The stone arrow hits you!!
* * * LOW HITPOINT WARNING * * *
It was a potion of curing.
You feel better.
As you read the scroll labeled GANEF ARRYDGH, it crumbles to dust.
You feel blessed for a moment.
It was a scroll of remove curse.
The gargoyle hits you with a +0 flail!
* * * LOW HITPOINT WARNING * * *
It was a potion of haste.
You feel yourself speed up. The gargoyle hits you with a +0 flail!
You die...

..
.....##..#....#...# .
##...........#
..###.........##.##..
........###........).
.......#.###........
#.................
#...#.............
#..##...#.......#. #.
###@.######>......#
.#..####.9..#
.........
#......#...##
.........
.........#.#
...#..###
..##...#.#..# ..#....
#....###..## ..# .##
#.... ### #.... .....


You could see a gargoyle.

Vanquished Creatures
  A phantom (D:6)
  An orc warrior (D:6)
  A centaur (D:5)
  An ogre (D:4)
  A scorpion (D:4)
  2 howler monkeys
  A crimson imp (D:4)
  A hound (D:5)
  A bullfrog zombie (D:6)
  2 gnoll shamans
  A centaur skeleton (D:6)
  2 orc priests
  2 orc wizards (D:4)
  2 iguanas (D:5)
  Terence (D:3)
  4 worker ants
  A hound zombie (D:4)
  2 hound skeletons (D:4)
  12 gnolls
  5 adders
  A shadow imp (D:5)
  An ooze (D:4)
  An adder skeleton (D:5)
  An adder zombie (D:6)
  A worm (D:4)
  4 dart slugs
  2 leopard geckos
  16 orcs
  2 ball pythons
  7 bats
  11 giant cockroaches
  7 goblins
  6 hobgoblins
  3 jackals (D:1)
  9 kobolds
  5 quokkas
  A ball python skeleton (D:5)
  5 frilled lizards
  A jackal skeleton (D:5)
  A quokka skeleton (D:4)
  7 rats
136 creatures vanquished.

Notes
Turn   | Place    | Note
-------+----------+-------------------------------------------
     0 | Abyss:1  | mopl the Draconian Abyssal Knight began the quest for the
                  | Orb.
     0 | Abyss:1  | Reached XP level 1. HP: 19/19 MP: 2/2
     2 | Abyss:1  | Found a radiant altar of Vehumet.
    63 | Abyss:2  | Noticed a large abomination
    69 | D:1      | Escaped the Abyss
   147 | D:1      | Reached * piety under Lugonu
   151 | D:1      | Reached XP level 2. HP: 26/26 MP: 3/3
   213 | D:1      | Reached skill level 3 in Polearms
   286 | D:1      | Reached XP level 3. HP: 25/31 MP: 3/5
   688 | D:2      | Found an ornate altar of the Wu Jian Council.
   796 | D:2      | Found a faded altar of an unknown god.
   974 | D:2      | Reached skill level 3 in Invocations
  1370 | D:2      | Reached XP level 4. HP: 24/38 MP: 6/6
  1549 | D:3      | Reached ** piety under Lugonu
  1556 | D:3      | Reached skill level 4 in Polearms
  1617 | D:3      | Learned a level 1 spell: Apportation
  1999 | D:3      | Noticed Terence
  2014 | D:3      | Killed Terence
  2014 | D:3      | Reached XP level 5. HP: 37/45 MP: 7/7
  2445 | D:4      | Reached skill level 5 in Polearms
  2445 | D:4      | Reached skill level 4 in Invocations
  2491 | D:4      | Reached XP level 6. HP: 46/51 MP: 9/9
  2600 | D:4      | Noticed Eustachio
  2725 | D:4      | Found Diamm's Book Boutique.
  2792 | D:4      | Reached skill level 6 in Polearms
  2870 | D:4      | Reached skill level 5 in Invocations
  2870 | D:4      | Your scales start taking on a lurid green colour.
  2870 | D:4      | Reached XP level 7. HP: 42/57 MP: 10/10
  2870 | D:4      | Gained mutation: Your system is resistant to poisons.
                  | (rPois) [Green Draconian growth]
  3008 | D:5      | Entered Level 5 of the Dungeon
  3011 | D:5      | Found a staircase to the Ecumenical Temple.
  3020 | D:5      | Identified Ushrerphug's Compendium of Ashen Intoxication
  3028 | Temple   | Entered the Ecumenical Temple
  3163 | D:5      | Reached *** piety under Lugonu
  3247 | D:5      | Reached skill level 7 in Polearms
  3681 | D:5      | Found an iron altar of Okawaru.
  3711 | D:5      | Reached skill level 6 in Invocations
  3926 | D:5      | Found a sacrificial altar of Ru.
  4036 | D:6      | Reached XP level 8. HP: 57/63 MP: 12/12
  4042 | D:6      | Reached skill level 8 in Polearms
  4099 | D:6      | Reached **** piety under Lugonu
  4171 | D:6      | Got a crude rapier
  4322 | D:6      | Noticed a gargoyle
  4338 | D:6      | Mangled by a gargoyle

Levels and vault maps discovered:
D:1:      minmay_arrival_stone_box, layout_rooms
D:2:      layout_rooms, nicolae_overflow_hidden_temple,
          chequers_ecumenical_altar_twisty, grunt_decor_arrowhead
D:3:      layout_basic, uniq_terence
D:4:      layout_cave_pools, serial_shops, kennysheep_little_box, first_ration,
          minmay_joined_circles, uniq_eustachio
D:5:      layout_rooms, okawaru_altar_gauntlet_db, nicolae_ru_path_of_blood,
          minmay_temple_entry_offerings, chequers_serial_rivers_small_3
D:6:      layout_cave_pools
Temple:   eino_temple_water
Abyss:1:  onia_ninara_dug_in_and_dangerous
Abyss:2:  minivault_25

Skill      XL: |  1  2  3  4  5  6  7  8 |
---------------+-------------------------+-----
Polearms       | 3 4 5 6 7 8 |  8.5
Invocations    | 3 4 5 6 |  6.5
Fighting       | |  3.2
Dodging        | |  2.1

Action                   |  1- 3 |  4- 6 |  7- 9 || total
-------------------------+-------+-------+-------++-------
Melee: Spear             |   125 |   176 |   199 ||   500
       Tailslap          |     9 |    22 |    26 ||    57
       Dagger            |       |    30 |    49 ||    79
Throw: Tomahawk          |       |       |     3 ||     3
Invok: Depart the Abyss  |     1 |       |       ||     1
       Banish            |       |       |     3 ||     3
 Abil: Breathe Noxious F |       |       |     5 ||     5
  Use: Scroll            |       |     3 |     2 ||     5
       Potion            |       |       |     2 ||     2
 Stab: Sleeping          |     1 |     1 |       ||     2
       Distracted        |     1 |       |       ||     1
       Confused          |       |       |     2 ||     2
  Eat: Chunk             |     2 |     5 |     5 ||    12
Armor: Skin              |    23 |    42 |    59 ||   124
Dodge: Dodged            |    57 |    72 |    85 ||   214
Block: Buckler           |     3 |    16 |    17 ||    36

Table legend:
 A = Non-vault XP
 B = Vault XP
 C = Vault XP percentage of total XP
 D = Non-vault monster count
 E = Vault monster count
 F = Vault count percentage of total count
                 A         B        C        D         E       F
            +---------+---------+-------+---------+---------+-------
      Total |    1621 |     195 |  10.7 |     120 |      16 |  11.8
            +---------+---------+-------+---------+---------+-------
        D:1 |      64 |       0 |   0.0 |      27 |       0 |   0.0
        D:2 |      35 |       0 |   0.0 |      13 |       0 |   0.0
        D:3 |      75 |      36 |  32.4 |      18 |       1 |   5.3
        D:4 |     455 |     123 |  21.3 |      25 |       9 |  26.5
        D:5 |     596 |      36 |   5.7 |      27 |       6 |  18.2
        D:6 |     396 |       0 |   0.0 |      10 |       0 |   0.0
            +---------+---------+-------+---------+---------+-------
